 Dungeon Crawl Stone Soup version 0.21.1-1-g345015f (webtiles) character file.

242 aMcNicky the Slasher (level 5, -2/47 HPs)
             Began as a Minotaur Fighter on Mar 3, 2018.
             Slain by an ogre
             ... wielding a +0 giant club
              (17 damage)
             ... on level 4 of the Dungeon.
             The game lasted 00:05:37 (2276 turns).

aMcNicky the Slasher (Minotaur Fighter)             Turns: 2276, Time: 00:05:38

Health: -2/47      AC:  8    Str: 21    XL:     5   Next: 81%
Magic:  4/4        EV:  7    Int:  5    God:
Gold:   117        SH:  9    Dex: 10    Spells: 4/4 levels left

rFire    . . .     SeeInvis .   a - +0 long sword
rCold    . . .     Gourm    .   c - +0 shield
rNeg     . . .     Faith    .   b - +0 scale mail
rPois    .         Spirit   .   (helmet restricted)
rElec    .         Reflect  .   e - +0 cloak
rCorr    .         Harm     .   (no gloves)
MR       .....                  (no boots)
Stlth    ..........             (no amulet)
HPRegen  0.15/turn              (no ring)
MPRegen  0.09/turn              (no ring)

@: no status effects
A: retaliatory headbutt, horns 2
a: no special abilities


You were on level 4 of the Dungeon.
You were not hungry.

You visited 1 branch of the dungeon, and saw 4 of its levels.

You collected 117 gold pieces.

Inventory:

Hand Weapons
 a - a +0 long sword (weapon)
 t - a +0 hunting sling
Missiles
 u - 59 stones (quivered)
Armour
 b - a +0 scale mail (worn)
 c - a +0 shield (worn)
 e - a +0 cloak (worn)
 i - a +1 cloak
Wands
 g - a wand of polymorph (5)
Scrolls
 h - 2 scrolls of remove curse {@r2}
 j - 2 scrolls of enchant armour {unknown}
 k - a scroll of immolation {unknown}
 l - 2 scrolls of fear
 m - 2 scrolls of identify {unknown}
 o - 3 scrolls of teleportation
 q - a scroll of amnesia {unknown}
 s - a scroll of fog {unknown}
Potions
 d - 2 potions of might
 n - a potion of brilliance {unknown}
 p - 2 potions of curing {unknown}
 r - a potion of degeneration {unknown}
Comestibles
 f - 5 rations


   Skills:
 + Level 4.8 Fighting
 * Level 4.9 Long Blades
 + Level 4.8 Armour
 + Level 4.8 Shields


You had 4 spell levels left.
You didn't know any spells.

Dungeon Overview and Level Annotations

Branches:
Dungeon (4/15)
 Temple: D:4-7

Altars:
Elyvilon


Innate Abilities, Weirdness & Mutations

You reflexively headbutt those who attack you in melee.
You have a pair of horns on your head.


Message History

You feel blessed for a moment.
It was a scroll of remove curse.
As you read the scroll labeled LALELA TIYTYR, it crumbles to dust.
You assume a fearsome visage.
Nothing appears to happen.
It was a scroll of fear.
Okay, then.
You now have 117 gold pieces (gained 14).
You open the door.
Found 9 gold pieces.
An ogre comes into view. It is wielding a giant club.
The ogre shouts!
You barely miss the ogre. Your headbutt misses the ogre.
The ogre hits you with a giant club!!
You slash the ogre!
The ogre is heavily wounded.
The ogre hits you with a giant club!
You are too injured to fight recklessly!
You hit the ogre. Your headbutt misses the ogre.
The ogre is heavily wounded.
The ogre hits you with a giant club!
You die...

##### ##...##
##.....##
#.......#
#.......#
#.......#
##.....##
##.@.## ##O##
... .....
$...... .##
####+##.. ..#
#..#########.#
#........##..
..... #.#


You could see an ogre.

Vanquished Creatures
  The ghost of aMcNicky the Skirmisher, an amateur HOFi (D:3)
  A howler monkey skeleton (D:4)
  2 adders (D:3)
  An ooze (D:3)
  4 worms
  2 dart slugs (D:1)
  A leopard gecko (D:3)
  7 orcs (D:3)
  7 bats
  A giant cockroach (D:1)
  10 goblins
  3 hobgoblins
  A jackal (D:4)
  2 kobolds
  4 rats
47 creatures vanquished.

Vanquished Creatures (others)
  A bat (D:2)
1 creature vanquished.

Grand Total: 48 creatures vanquished

Notes
Turn   | Place    | Note
-------+----------+-------------------------------------------
     0 | D:1      | aMcNicky the Minotaur Fighter began the quest for the Orb.
     0 | D:1      | Reached XP level 1. HP: 19/19 MP: 0/0
   139 | D:1      | Reached XP level 2. HP: 27/27 MP: 1/1
   779 | D:2      | Found a white marble altar of Elyvilon.
  1191 | D:2      | Reached XP level 3. HP: 29/33 MP: 2/2
  1508 | D:3      | Noticed aMcNicky's ghost (amateur HOFi)
  1523 | D:3      | Killed aMcNicky's ghost
  1523 | D:3      | Reached XP level 4. HP: 7/41 MP: 3/3
  1523 | D:3      | Reached XP level 5. HP: 8/47 MP: 4/4
  2271 | D:4      | Noticed an ogre
  2276 | D:4      | Slain by an ogre

Skill      XL: |  1  2  3 |
---------------+----------+-----
Long Blades    | 3 4 |  4.9
Fighting       | 4 |  4.8
Armour         | 4 |  4.8
Shields        | 4 |  4.8

Action                   |  1- 3 |  4- 6 || total
-------------------------+-------+-------++-------
Melee: Long sword        |    69 |    44 ||   113
       Headbutt          |    15 |     9 ||    24
  Use: Potion            |     1 |       ||     1
       Scroll            |       |     3 ||     3
  Eat: Chunk             |     2 |     2 ||     4
Armor: Scale mail        |    26 |    14 ||    40
Dodge: Dodged            |    21 |    18 ||    39
Block: Shield            |    42 |    31 ||    73
       Rpst.: Long sword |     4 |     7 ||    11
